| TOP OF THE 1ST |
|
Biloxi Shuckers batting - Pitching for Pensacola Blue Wahoos : RHP Larry McPhee
|
|
Pitching: RHP Larry McPhee
|
|
|
Batting: SHB Aaron Neill
|
0-0: Called Strike 0-1: Ball 1-1: Ground out 4-3 (Groundball, 4, EV 105.0 MPH)
|
|
Batting: LHB Jason Raker
|
0-0: Called Strike 0-1: Called Strike 0-2: Ball 1-2: Strikes out swinging
|
|
Batting: LHB Adam Hill
|
0-0: Ball 1-0: Fly out, F8 (Line Drive, 8LM, EV 90.6 MPH)
|
| Top of the 1st over - 0 runs, 0 hits, 0 errors, 0 left on base; Biloxi 0 - Pensacola 0 |
| BOTTOM OF THE 1ST |
|
Pensacola Blue Wahoos batting - Pitching for Biloxi Shuckers : RHP Sam Alexander
|
|
Pitching: RHP Sam Alexander
|
|
|
Batting: RHB Randy Grewe
|
0-0: Ball 1-0: Ball 2-0: Ball 3-0: Called Strike 3-1: Foul Ball, location: 2F 3-2: Ground out 6-3 (Groundball, 6, EV 84.4 MPH)
|
|
Batting: RHB Jose Nunez
|
0-0: Swinging Strike 0-1: Ball 1-1: Called Strike 1-2: Ball 2-2: TRIPLE (Groundball, 3L, EV 107.5 MPH)
|
|
Batting: RHB Solange Le Coq
|
0-0: Swinging Strike 0-1: Ground out 6-3 (Groundball, 6, EV 93.1 MPH) Jose Nunez scores
|
|
Batting: LHB John Wagner
|
0-0: Ball 1-0: Called Strike 1-1: Foul Ball, location: 2F 1-2: Foul Ball, location: 2F 1-2: Ball 2-2: Ball 3-2: Ground out U3 (Groundball, 34S, EV 83.1 MPH)
|
| Bottom of the 1st over - 1 run, 1 hit, 0 errors, 0 left on base; Biloxi 0 - Pensacola 1 |
| TOP OF THE 2ND |
|
Biloxi Shuckers batting - Pitching for Pensacola Blue Wahoos : RHP Larry McPhee
|
|
Batting: SHB Justin Hensley
|
0-0: Ball 1-0: Swinging Strike 1-1: Fly out, F9 (Flyball, 89M, EV 93.8 MPH)
|
|
Batting: LHB Kwang-chih Men
|
0-0: Ball 1-0: Called Strike 1-1: Reached via error on a dropped throw from 1B, E1 (Groundball, 34, EV 103.1 MPH)
|
|
Batting: RHB Nick Cummings
|
0-0: Ball 1-0: Called Strike 1-1: Ball 2-1: Ball 3-1: Called Strike 3-2: Foul Ball, location: 2F 3-2: Foul Ball, location: 2F 3-2: Fly out, F8 (Flyball, 8LM, EV 91.9 MPH)
|
|
Batting: RHB Josh Nelson
|
0-0: Ball 1-0: Ball 2-0: Foul Ball, location: 2F 2-1: Fly out, F9 (Flyball, 89S, EV 90.0 MPH)
|
| Top of the 2nd over - 0 runs, 0 hits, 1 error, 1 left on base; Biloxi 0 - Pensacola 1 |
| BOTTOM OF THE 2ND |
|
Pensacola Blue Wahoos batting - Pitching for Biloxi Shuckers : RHP Sam Alexander
|
|
Batting: RHB Dinand Brouwer
|
0-0: Foul Ball, location: 2F 0-1: Ball 1-1: Called Strike 1-2: Ball 2-2: Foul Ball, location: 2F 2-2: Ground out 4-3 (Groundball, 4S, EV 85.0 MPH)
|
|
Batting: RHB Mark Williams
|
0-0: SINGLE (Line Drive, 4M, EV 93.8 MPH)
|
|
Batting: RHB Armando Moz
|
0-0: DOUBLE (Flyball, 89XD, EV 102.5 MPH) Mark Williams to third
|
|
Batting: LHB Ralph Braine
|
0-0: Foul Ball, location: 2F 0-1: Foul Ball, location: 2F 0-2: Ball 1-2: SINGLE (Line Drive, 7LS, EV 93.1 MPH) Mark Williams scores Armando Moz to third
|
|
Batting: LHB Brandon Sarni
|
0-0: Ball 1-0: Ball Ralph Braine steals 2nd base 2-0: Ball 3-0: Called Strike 3-1: Reached on error, E6 (Groundball, 6D, EV 103.1 MPH) Armando Moz scores Ralph Braine to third
|
|
Batting: RHB Randy Grewe
|
0-0: Ball 1-0: Called Strike 1-1: Swinging Strike 1-2: Fielders Choice at 2nd, 5-4 (Groundball, 56S, EV 81.2 MPH) Ralph Braine scores
|
|
Batting: RHB Jose Nunez
|
0-0: Swinging Strike 0-1: Ball 1-1: Ball 2-1: Ball 3-1: Called Strike 3-2: Ground out 5-3 (Groundball, 56S, EV 88.1 MPH)
|
| Bottom of the 2nd over - 3 runs, 3 hits, 1 error, 1 left on base; Biloxi 0 - Pensacola 4 |
| TOP OF THE 3RD |
|
Biloxi Shuckers batting - Pitching for Pensacola Blue Wahoos : RHP Larry McPhee
|
|
Batting: LHB Rick Campbell
|
0-0: SINGLE (Groundball, 6S, EV 62.5 MPH) (infield hit)
|
|
Batting: RHB Dusty Bates
|
0-0: Swinging Strike 0-1: Fly out, F9 (Flyball, 9LS, EV 97.5 MPH)
|
|
Batting: SHB Aaron Neill
|
0-0: Ball 1-0: Foul Ball, location: 2F 1-1: Fielders Choice at 2nd, 6-4 (Groundball, 6, EV 84.4 MPH)
|
|
Batting: LHB Jason Raker
|
0-0: Called Strike 0-1: Ball 1-1: Ball 2-1: Ball 3-1: Base on Balls Aaron Neill to second
|
|
Batting: LHB Adam Hill
|
0-0: Foul Ball, location: 2F 0-1: Swinging Strike 0-2: Ball 1-2: Strikes out swinging
|
| Top of the 3rd over - 0 runs, 1 hit, 0 errors, 2 left on base; Biloxi 0 - Pensacola 4 |
| BOTTOM OF THE 3RD |
|
Pensacola Blue Wahoos batting - Pitching for Biloxi Shuckers : RHP Sam Alexander
|
|
Batting: RHB Solange Le Coq
|
0-0: Swinging Strike 0-1: Ball 1-1: Ball 2-1: Ball 3-1: Swinging Strike 3-2: Foul Ball, location: 2F 3-2: Foul Ball, location: 2F 3-2: Strikes out looking
|
|
Batting: LHB John Wagner
|
0-0: Foul Ball, location: 2F 0-1: Ball 1-1: Ball 2-1: Ball 3-1: Fly out, F9 (Flyball, 89M, EV 95.6 MPH)
|
|
Batting: RHB Dinand Brouwer
|
0-0: Ball 1-0: Ball 2-0: Ground out 4-3 (Groundball, 34, EV 97.5 MPH)
|
| Bottom of the 3rd over - 0 runs, 0 hits, 0 errors, 0 left on base; Biloxi 0 - Pensacola 4 |
| TOP OF THE 4TH |
|
Biloxi Shuckers batting - Pitching for Pensacola Blue Wahoos : RHP Larry McPhee
|
|
Batting: SHB Justin Hensley
|
0-0: Ball 1-0: Called Strike 1-1: Ball 2-1: Ball 3-1: Called Strike 3-2: Foul Ball, location: 2F 3-2: Fly out, F9 (Flyball, 9LM, EV 93.8 MPH)
|
|
Batting: LHB Kwang-chih Men
|
0-0: Swinging Strike 0-1: Ball 1-1: Ball 2-1: Hit by Pitch
|
|
Batting: RHB Nick Cummings
|
0-0: Ball 1-0: Called Strike 1-1: Fly out, F9 (Flyball, 89D, EV 94.4 MPH)
|
|
Batting: RHB Josh Nelson
|
0-0: Ball 1-0: Ball 2-0: Foul Ball, location: 2F 2-1: Foul Ball, location: 2F 2-2: SINGLE (Line Drive, 78S, EV 95.6 MPH) Kwang-chih Men to second Runner from 2nd tries for 3rd, SAFE, throw by LF made to third
|
|
Batting: LHB Rick Campbell
|
0-0: Ball 1-0: Ball 2-0: Fielders Choice at 2nd, 6-4 (Groundball, 6, EV 84.4 MPH)
|
| Top of the 4th over - 0 runs, 1 hit, 0 errors, 2 left on base; Biloxi 0 - Pensacola 4 |
| BOTTOM OF THE 4TH |
|
Pensacola Blue Wahoos batting - Pitching for Biloxi Shuckers : RHP Sam Alexander
|
|
Batting: RHB Mark Williams
|
0-0: Ball 1-0: Ball 2-0: Ball 3-0: Called Strike 3-1: Foul Ball, location: 2F 3-2: Foul Ball, location: 2F 3-2: Foul Ball, location: 2F 3-2: Fly out, F8 (Flyball, 78M, EV 79.4 MPH)
|
|
Batting: RHB Armando Moz
|
0-0: Called Strike 0-1: Ball 1-1: Swinging Strike 1-2: Ground out 6-3 (Groundball, 6MD, EV 84.4 MPH)
|
|
Batting: LHB Ralph Braine
|
0-0: Foul Ball, location: 2F 0-1: Fly out, F8 (Flyball, 8LXD, EV 82.5 MPH)
|
| Bottom of the 4th over - 0 runs, 0 hits, 0 errors, 0 left on base; Biloxi 0 - Pensacola 4 |
| TOP OF THE 5TH |
|
Biloxi Shuckers batting - Pitching for Pensacola Blue Wahoos : RHP Larry McPhee
|
|
Batting: RHB Dusty Bates
|
0-0: Ball 1-0: Ground out 6-3 (Groundball, 6, EV 104.4 MPH)
|
|
Batting: SHB Aaron Neill
|
0-0: Called Strike 0-1: Swinging Strike 0-2: Ground out 4-3 (Groundball, 34, EV 87.5 MPH)
|
|
Batting: LHB Jason Raker
|
0-0: Ball 1-0: Ball 2-0: Called Strike 2-1: Ball 3-1: Swinging Strike 3-2: Strikes out swinging
|
| Top of the 5th over - 0 runs, 0 hits, 0 errors, 0 left on base; Biloxi 0 - Pensacola 4 |
| BOTTOM OF THE 5TH |
|
Pensacola Blue Wahoos batting - Pitching for Biloxi Shuckers : RHP Sam Alexander
|
|
Batting: LHB Brandon Sarni
|
0-0: Called Strike 0-1: Ball 1-1: Ground out 4-3 (Groundball, 4, EV 84.4 MPH)
|
|
Batting: RHB Randy Grewe
|
0-0: Ball 1-0: Swinging Strike 1-1: SINGLE (Line Drive, 89S, EV 90.6 MPH)
|
|
Batting: RHB Jose Nunez
|
0-0: Called Strike Randy Grewe steals 2nd base 0-1: Ball 1-1: Fly out, F4 (Flyball, 34D, EV 95.0 MPH)
|
|
Batting: RHB Solange Le Coq
|
0-0: Ball 1-0: Ground out 4-3 (Groundball, 6M, EV 80.0 MPH)
|
| Bottom of the 5th over - 0 runs, 1 hit, 0 errors, 1 left on base; Biloxi 0 - Pensacola 4 |
| TOP OF THE 6TH |
|
Biloxi Shuckers batting - Pitching for Pensacola Blue Wahoos : RHP Larry McPhee
|
|
Pitching: LHP Yorihiko Honda
|
|
|
Batting: LHB Adam Hill
|
0-0: Foul Ball, location: 2F 0-1: Foul Ball, location: 2F 0-2: Ball 1-2: Ball 2-2: Ground out 4-3 (Groundball, 4S, EV 85.0 MPH)
|
|
Batting: SHB Justin Hensley
|
0-0: SINGLE (Groundball, 56, EV 106.9 MPH) (infield hit)
|
|
Batting: LHB Kwang-chih Men
|
0-0: Called Strike 0-1: Ball 1-1: Ball 2-1: Foul Ball, location: 2F 2-2: Strikes out looking
|
|
Batting: RHB Nick Cummings
|
0-0: Swinging Strike 0-1: Ball 1-1: Foul Ball, location: 2F 1-2: Strikes out swinging, 2-3 out at first.
|
| Top of the 6th over - 0 runs, 1 hit, 0 errors, 1 left on base; Biloxi 0 - Pensacola 4 |
| BOTTOM OF THE 6TH |
|
Pensacola Blue Wahoos batting - Pitching for Biloxi Shuckers : RHP Sam Alexander
|
|
Batting: LHB John Wagner
|
0-0: Foul Ball, location: 2F 0-1: Ball 1-1: Fly out, F8 (Flyball, 89D, EV 95.0 MPH)
|
|
Batting: RHB Dinand Brouwer
|
0-0: Ball 1-0: Foul Ball, location: 2F 1-1: Swinging Strike 1-2: Fly out, F9 (Line Drive, 89M, EV 96.9 MPH)
|
|
Batting: RHB Mark Williams
|
0-0: Ball 1-0: Ground out 4-3 (Groundball, 4, EV 83.1 MPH)
|
| Bottom of the 6th over - 0 runs, 0 hits, 0 errors, 0 left on base; Biloxi 0 - Pensacola 4 |
| TOP OF THE 7TH |
|
Biloxi Shuckers batting - Pitching for Pensacola Blue Wahoos : LHP Yorihiko Honda
|
|
Pitching: LHP Keith Egan
|
|
|
Batting: RHB Josh Nelson
|
0-0: Ball 1-0: Swinging Strike 1-1: Swinging Strike 1-2: Ball 2-2: Strikes out swinging
|
|
Batting: LHB Rick Campbell
|
0-0: Called Strike 0-1: Foul Ball, location: 2F 0-2: Foul Ball, location: 2F 0-2: Ball 1-2: Strikes out looking
|
|
Batting: RHB Dusty Bates
|
0-0: Fly out, F8 (Flyball, 8LM, EV 88.1 MPH)
|
| Top of the 7th over - 0 runs, 0 hits, 0 errors, 0 left on base; Biloxi 0 - Pensacola 4 |
| BOTTOM OF THE 7TH |
|
Pensacola Blue Wahoos batting - Pitching for Biloxi Shuckers : RHP Sam Alexander
|
|
Pitching: RHP Jay Cowgill
|
|
|
Batting: RHB Armando Moz
|
0-0: Foul Ball, location: 2F 0-1: Ground out U3 (Groundball, 23, EV 83.8 MPH)
|
|
Batting: LHB Ralph Braine
|
0-0: Ball 1-0: Called Strike 1-1: Called Strike 1-2: Ball 2-2: Ball 3-2: Ground out 6-3 (Groundball, 6, EV 86.2 MPH)
|
|
Batting: LHB Brandon Sarni
|
0-0: Ball 1-0: Ground out 1-3 (Groundball, 13S, EV 69.4 MPH)
|
| Bottom of the 7th over - 0 runs, 0 hits, 0 errors, 0 left on base; Biloxi 0 - Pensacola 4 |
| TOP OF THE 8TH |
|
Biloxi Shuckers batting - Pitching for Pensacola Blue Wahoos : LHP Keith Egan
|
|
Batting: SHB Aaron Neill
|
0-0: Called Strike 0-1: Swinging Strike 0-2: Strikes out swinging
|
|
Batting: LHB Jason Raker
|
0-0: Ball 1-0: Called Strike 1-1: Foul Ball, location: 2F 1-2: Strikes out swinging
|
|
Batting: LHB Adam Hill
|
0-0: Called Strike 0-1: Swinging Strike 0-2: Ball 1-2: Strikes out swinging
|
| Top of the 8th over - 0 runs, 0 hits, 0 errors, 0 left on base; Biloxi 0 - Pensacola 4 |
| BOTTOM OF THE 8TH |
|
Pensacola Blue Wahoos batting - Pitching for Biloxi Shuckers : RHP Jay Cowgill
|
|
Batting: RHB Randy Grewe
|
0-0: Ball 1-0: Foul Ball, location: 2F 1-1: Foul Ball, location: 2F 1-2: Foul Ball, location: 2F 1-2: Ball 2-2: Strikes out swinging
|
|
Batting: RHB Jose Nunez
|
0-0: Ball 1-0: Called Strike 1-1: Foul Ball, location: 2F 1-2: Hit by Pitch
|
|
Batting: RHB Solange Le Coq
|
0-0: Called Strike Jose Nunez is caught stealing 2nd base 2-4 0-1: Called Strike 0-2: Ball 1-2: Fly out, F7 (Flyball, 78M, EV 77.5 MPH)
|
| Bottom of the 8th over - 0 runs, 0 hits, 0 errors, 0 left on base; Biloxi 0 - Pensacola 4 |
| TOP OF THE 9TH |
|
Biloxi Shuckers batting - Pitching for Pensacola Blue Wahoos : LHP Keith Egan
|
|
Pitching: RHP Dave Kurtz
|
|
|
Batting: SHB Justin Hensley
|
0-0: Foul Ball, location: 2F 0-1: Ball 1-1: Foul Ball, location: 2F 1-2: Ball 2-2: Ball 3-2: SINGLE (Groundball, 6S, EV 61.9 MPH) (infield hit)
|
|
Batting: LHB Kwang-chih Men
|
0-0: Foul Ball, location: 2F 0-1: Foul Ball, location: 2F 0-2: Strikes out swinging
|
|
Batting: RHB Nick Cummings
|
0-0: Called Strike 0-1: Foul Ball, location: 2F 0-2: Ball Pickoff Throw to First - Out! 1-3 1-2: Ball 2-2: Strikes out looking
|
| Top of the 9th over - 0 runs, 1 hit, 0 errors, 0 left on base; Biloxi 0 - Pensacola 4 |
|